 Dungeon Crawl Stone Soup version 0.26-a0-1129-gc5df7fbe6a (webtiles) character file.

Game seed: 16929159464045201268

54 hehateme the Poker (level 3, -3/31 HPs)
             Began as a Gnoll Wanderer on Dec 19, 2020.
             Slain by Terence
             ... wielding a +0 mace
              (7 damage)
             ... on level 2 of the Dungeon.
             The game lasted 00:02:42 (1814 turns).

hehateme the Poker (Gnoll Wanderer)                 Turns: 1814, Time: 00:02:42

Health: -3/31      AC:  2    Str: 15    XL:     3   Next: 91%
Magic:  6/7        EV: 13    Int: 12    God:
Gold:   55         SH:  0    Dex: 16    Spells: 6/7 levels left

rFire    . . .     SeeInvis .   a - +2 spear
rCold    . . .     Faith    .   (no shield)
rNeg     . . .     Spirit   .   c - +0 robe
rPois    .         Reflect  .   (no helmet)
rElec    .         Harm     .   (no cloak)
rCorr    .         Rampage  .   (no gloves)
Will     .....                  (no boots)
Stlth    ++........             (no amulet)
HPRegen  0.10/turn              (no ring)
MPRegen  0.10/turn              (no ring)

@: lethally poisoned (-3 -> -12)
A: distributed training, fangs 1, strong nose
a: no special abilities


You were on level 2 of the Dungeon.
You visited 1 branch of the dungeon, and saw 2 of its levels.

You collected 55 gold pieces.

Inventory:

Hand Weapons
 a - a +2 spear (weapon)
Missiles
 e - 85 stones
 k - 23 bolts
 Q - 15 arrows
Armour
 c - a +0 robe (worn)
Scrolls
 b - a scroll of noise {unknown}
 d - a scroll of enchant armour {unknown}
 f - 2 scrolls of remove curse {unknown}
 g - a scroll of fear {unknown}
 j - 2 scrolls of teleportation {unknown}
 l - a scroll of identify {unknown}
Potions
 h - a potion of might {unknown}
 i - a potion of flight {unknown}


   Skills:
 + Level 4.6 Fighting
 + Level 1.0 Short Blades
 + Level 1.0 Long Blades
 + Level 1.0 Axes
 + Level 1.0 Maces & Flails
 + Level 4.6 Polearms
 + Level 1.0 Staves
 + Level 1.0 Slings
 + Level 1.0 Bows
 + Level 1.0 Crossbows
 + Level 2.6 Throwing
 + Level 1.0 Armour
 + Level 2.6 Dodging
 + Level 1.0 Stealth
 + Level 2.6 Shields
 + Level 1.0 Unarmed Combat
 + Level 2.9 Spellcasting
 + Level 0.7 Conjurations
 + Level 3.8 Hexes
 + Level 0.7 Summonings
 + Level 0.7 Necromancy
 + Level 0.7 Translocations
 + Level 0.7 Transmutations
 + Level 0.7 Fire Magic
 + Level 0.7 Ice Magic
 + Level 0.7 Air Magic
 + Level 0.7 Earth Magic
 + Level 0.7 Poison Magic
 + Level 1.0 Invocations
 + Level 1.0 Evocations


You had 6 spell levels left.
You knew the following spells:

 Your Spells              Type           Power        Failure   Level
a - Foxfire               Conj/Fire      12%          19%         1

Your spell library contained the following spells:

 Spells                   Type           Power        Failure   Level
 Conjure Flame            Conj/Fire      3%           50%         3


Dungeon Overview and Level Annotations

Branches:
Dungeon (2/15)

Altars:

Annotations:
D:2 Terence


Innate Abilities, Weirdness & Mutations

Your experience applies equally to all skills.
You have very sharp teeth.
Your uncanny sense of smell can sniff out nearby items.


Message History

You take 1 damage, and have 15/31 hp.
You hit Terence but do no damage.
You feel sick. Terence hits you but does no damage.
You take 1 damage, and have 14/31 hp.
You hit Terence but do no damage.
You feel sick. Terence hits you with a +0 mace!
* * * LOW HITPOINT WARNING * * *
You take 9 damage, and have 5/31 hp.
GAME OVER YEAH!!
Unknown command.
Unknown command.
You hit Terence but do no damage.
* * * LOW HITPOINT WARNING * * *
You feel sick. Terence closely misses you.
You take 1 damage, and have 4/31 hp.
You hit Terence but do no damage. The kobold hits you but does no damage.
You hit Terence but do no damage.
* * * LOW HITPOINT WARNING * * *
You feel sick. Terence hits you with a +0 mace!
You die...

.... #######......
........ ..... ....###
#...# ....# ...# ....#
#..## ....#### #K@####
###....####### #@...##
####.......######..####
#######......##....#
######.......#
####....# ######

Skill      XL: |  1  2  3 |
---------------+----------+-----
Invocations    | 1 |  1.0
Short Blades   | 1 |  1.0
Long Blades    | 1 |  1.0
Axes           | 1 |  1.0
Maces & Flails | 1 |  1.0
Staves         | 1 |  1.0
Slings         | 1 |  1.0
Bows           | 1 |  1.0
Crossbows      | 1 |  1.0
Armour         | 1 |  1.0
Stealth        | 1 |  1.0
Unarmed Combat | 1 |  1.0
Evocations     | 1 |  1.0
Fighting       | |  4.6
Polearms       | |  4.6
Throwing       | |  2.6
Dodging        | |  2.6
Shields        | |  2.6
Spellcasting   | |  2.9
Conjurations   | |  0.7
Hexes          | |  3.8
Summonings     | |  0.7
Necromancy     | |  0.7
Translocations | |  0.7
Transmutations | |  0.7
Fire Magic     | |  0.7
Ice Magic      | |  0.7
Air Magic      | |  0.7
Earth Magic    | |  0.7
Poison Magic   | |  0.7

Notes
Turn   | Place    | Note
-------+----------+-------------------------------------------
     0 | D:1      | hehateme the Gnoll Wanderer began the quest for the Orb.
     0 | D:1      | hehateme set off with the following items: a +2 spear, a +0
                  | robe; and the following spell memorised: Foxfire; and the
                  | following spells available to memorise: Conjure Flame
     0 | D:1      | Reached XP level 1. HP: 20/20 MP: 4/4
   178 | D:1      | Reached XP level 2. HP: 26/26 MP: 1/5
  1177 | D:2      | Reached XP level 3. HP: 31/31 MP: 2/7
  1306 | D:2      | Noticed Terence
  1455 | D:2      | Reached skill level 1 in Invocations
  1633 | D:2      | Reached skill level 1 in Short Blades
  1633 | D:2      | Reached skill level 1 in Long Blades
  1633 | D:2      | Reached skill level 1 in Axes
  1633 | D:2      | Reached skill level 1 in Maces & Flails
  1633 | D:2      | Reached skill level 1 in Staves
  1633 | D:2      | Reached skill level 1 in Slings
  1633 | D:2      | Reached skill level 1 in Bows
  1633 | D:2      | Reached skill level 1 in Crossbows
  1633 | D:2      | Reached skill level 1 in Armour
  1633 | D:2      | Reached skill level 1 in Stealth
  1633 | D:2      | Reached skill level 1 in Unarmed Combat
  1633 | D:2      | Reached skill level 1 in Evocations
  1811 | D:2      | HP: 5/31 [Terence/+0 mace (8)]
  1814 | D:2      | Slain by Terence

Table legend: (Time is in decaauts)
 A = Elapsed time spent in this place.
 B = Non-inter-level travel time spent in this place.
 C = Inter-level travel time spent in this place.
 D = Time resting spent in this place.
 E = Time spent auto-exploring this place.
 F = Levels seen in this place.
 G = Mean time per level.
                   A        B        C        D        E       F      G
               +--------+--------+--------+--------+--------+-----+--------+
         Total |   1806 |   1721 |     85 |     70 |   1425 |   2 |  903.0 |
       Dungeon |   1806 |   1721 |     85 |     70 |   1425 |   2 |  903.0 |
               +--------+--------+--------+--------+--------+-----+--------+

Top non-repeatable levels by time:
     D:1: 1266 daAuts
     D:2: 540 daAuts

Table legend:
 A = Kills in this place as a percentage of kills in entire the game.
 B = Kills by you in this place as a percentage of kills by you in the entire game.
 C = Kills by friends in this place as a percentage of kills by friends in the entire game.
 D = Other kills in this place as a percentage of other kills in the entire game.
 E = Experience gained in this place as a percentage of experience gained in the entire game.
 F = Experience gained in this place divided by the number of levels of this place that you have seen.
                   A       B       C       D       E      F
               +-------+-------+-------+-------+-------+----------------------
         Total | 100.0 | 100.0 |   N/A |   N/A | 100.0 |  39.0
       Dungeon | 100.0 | 100.0 |   N/A |   N/A | 100.0 |  39.0
               +-------+-------+-------+-------+-------+----------------------

Action                   || total
-------------------------++-------
Melee: Spear             ||    73
       Bite              ||     6
 Cast: Foxfire           ||    58
Armor: Robe              ||    12
Dodge: Dodged            ||    39

Vanquished Creatures
  An adder (D:2)
  A worm (D:2)
  A dart slug (D:2)
  2 ball pythons
  5 bats
  4 giant cockroaches
  9 goblins
  2 hobgoblins
  3 jackals
  2 frilled lizards (D:1)
  3 kobolds
  3 rats
36 creatures vanquished.

Vanquished Creatures (others)
  80 foxfires
80 creatures vanquished.

Grand Total: 116 creatures vanquished You could see Terence and a kobold.

Levels and vault maps discovered:
D:1:      roderic_chinese_lattice_arrival, layout_loops_ring
D:2:      kennysheep_the_goblin_king, layout_rooms, elyvilon_altar_3,
          uniq_terence
